SA
NIAGARA FALLS EXPOS @ HAMMOND HERONS
06/15/2028
 
TOP OF THE 1ST
Niagara Falls Expos batting - Pitching for Hammond Herons : RHP Tony Alfonso
Pitching: RHP Tony Alfonso
Batting: RHB Ramón Soto 0-0: Ball
1-0: Ball
2-0: Fly out, F5 (Line Drive, 5)
Batting: RHB Gabe Cain 0-0: Ball
1-0: Called Strike
1-1: Fly out, F9 (Line Drive, 9S)
Batting: RHB Hou Kong 0-0: Foul Ball, location: 2F
0-1: Foul Ball, location: 2F
0-2: Ball
1-2: Strikes out swinging
Top of the 1st over - 0 run(s), 0 hit(s), 0 error(s), 0 left on base; Niagara Falls 0 - Hammond 0
BOTTOM OF THE 1ST
Hammond Herons batting - Pitching for Niagara Falls Expos : RHP Dao-zi Zhai
Pitching: RHP Dao-zi Zhai
Batting: RHB Héctor Rivera 0-0: Called Strike
0-1: SINGLE (Groundball, 6MD)
Batting: RHB Hirohisa Ogasawara 0-0: Ball
1-0: SINGLE (Line Drive, 56)
Héctor Rivera to second
Batting: RHB Landon Edwards 0-0: Ball
1-0: Ball
2-0: Swinging Strike
2-1: Foul Ball, location: 2F
2-2: Ball
3-2: Foul Ball, location: 2F
3-2: Fly out, F3 (Popup, 3L)
Batting: LHB Ramón Flores 0-0: Ball
1-0: Ball
Héctor Rivera is caught stealing 3rd base
Hirohisa Ogasawara to second
2-0: Ground out U3 (Groundball, 3)
Bottom of the 1st over - 0 run(s), 2 hit(s), 0 error(s), 1 left on base; Niagara Falls 0 - Hammond 0
TOP OF THE 2ND
Niagara Falls Expos batting - Pitching for Hammond Herons : RHP Tony Alfonso
Batting: LHB Tullu Amaad 0-0: Called Strike
0-1: Ball
1-1: Ball
2-1: Fly out, F9 (Flyball, 9LM)
Batting: LHB Duk-yeo Chin 0-0: Foul Ball, location: 2F
0-1: Ball
1-1: Swinging Strike
1-2: Strikes out looking
Batting: SHB Jason Watts 0-0: Ball
1-0: Called Strike
1-1: Foul Ball, location: 2F
1-2: Fly out, F9 (Flyball, 9S)
Top of the 2nd over - 0 run(s), 0 hit(s), 0 error(s), 0 left on base; Niagara Falls 0 - Hammond 0
BOTTOM OF THE 2ND
Hammond Herons batting - Pitching for Niagara Falls Expos : RHP Dao-zi Zhai
Batting: LHB Wilson López 0-0: SINGLE (Line Drive, 78S)
Batting: RHB Guillermo Montepeque 0-0: Ball
1-0: Called Strike
Wilson López is caught stealing 2nd base
1-1: Called Strike
1-2: Ground out 6-3 (Groundball, 6)
Batting: SHB Alex Mable 0-0: Ball
1-0: Foul Ball, location: 2F
1-1: SINGLE (Flyball, 9S)
Batting: RHB David Meléndez 0-0: Ball
Alex Mable steals 2nd base
1-0: Foul Ball, location: 2F
1-1: Swinging Strike
1-2: Strikes out swinging
Bottom of the 2nd over - 0 run(s), 2 hit(s), 0 error(s), 1 left on base; Niagara Falls 0 - Hammond 0
TOP OF THE 3RD
Niagara Falls Expos batting - Pitching for Hammond Herons : RHP Tony Alfonso
Batting: LHB Bartholomew Bailey 0-0: Fly out, F3 (Line Drive, 3S)
Batting: RHB Jaime Moya 0-0: Ball
1-0: Called Strike
1-1: Called Strike
1-2: Ground out 3-1 (Groundball, 34)
Batting: RHB Bogumil Tiwontschik 0-0: Called Strike
0-1: SINGLE (Groundball, 6MD)
Batting: RHB Ramón Soto 0-0: Ball
1-0: Called Strike
1-1: Ball
2-1: Called Strike
2-2: Strikes out looking
Top of the 3rd over - 0 run(s), 1 hit(s), 0 error(s), 1 left on base; Niagara Falls 0 - Hammond 0
BOTTOM OF THE 3RD
Hammond Herons batting - Pitching for Niagara Falls Expos : RHP Dao-zi Zhai
Batting: LHB Rubén Aracil 0-0: Called Strike
0-1: Ball
1-1: SINGLE (Flyball, 9LS)
Batting: RHB Héctor Rivera 0-0: Called Strike
0-1: Ball
1-1: Ball
2-1: Fielders Choice at 2nd, 5-4 (Groundball, 5)
Batting: RHB Hirohisa Ogasawara 0-0: SINGLE (Groundball, 34D)
Héctor Rivera to second
Runner from 2nd tries for 3rd, SAFE, throw made to third
Batting: RHB Landon Edwards 0-0: Fly out, F9 (Flyball, 9S)
Batting: LHB Ramón Flores 0-0: Ball
1-0: Ball
2-0: Ball
3-0: Called Strike
3-1: Foul Ball, location: 2F
3-2: Ground out 4-3 (Groundball, 34)
Bottom of the 3rd over - 0 run(s), 2 hit(s), 0 error(s), 2 left on base; Niagara Falls 0 - Hammond 0
TOP OF THE 4TH
Niagara Falls Expos batting - Pitching for Hammond Herons : RHP Tony Alfonso
Batting: RHB Gabe Cain 0-0: Called Strike
0-1: Ground out 5-3 (Groundball, 56)
Batting: RHB Hou Kong 0-0: Ball
1-0: Ball
2-0: Called Strike
2-1: Called Strike
2-2: Foul Ball, location: 2F
2-2: Ball
3-2: SOLO HOME RUN (Flyball, 7LD), Distance : 316 ft
Batting: LHB Tullu Amaad 0-0: Swinging Strike
0-1: Foul Ball, location: 2F
0-2: Foul Ball, location: 2F
0-2: Strikes out swinging
Batting: LHB Duk-yeo Chin 0-0: Ball
1-0: Foul Ball, location: 2F
1-1: Foul Ball, location: 2F
1-2: Strikes out swinging
Top of the 4th over - 1 run(s), 1 hit(s), 0 error(s), 0 left on base; Niagara Falls 1 - Hammond 0
BOTTOM OF THE 4TH
Hammond Herons batting - Pitching for Niagara Falls Expos : RHP Dao-zi Zhai
Batting: LHB Wilson López 0-0: Ground out U3 (Groundball, 34)
Batting: RHB Guillermo Montepeque 0-0: Ball
1-0: Called Strike
1-1: Called Strike
1-2: Strikes out swinging
Batting: SHB Alex Mable 0-0: Foul Ball, location: 2F
0-1: Foul Ball, location: 2F
0-2: Foul Ball, location: 2F
0-2: Foul Ball, location: 2F
0-2: Ball
1-2: Foul Ball, location: 2F
1-2: Foul Ball, location: 2F
1-2: Foul Ball, location: 2F
1-2: Ball
2-2: Strikes out looking
Bottom of the 4th over - 0 run(s), 0 hit(s), 0 error(s), 0 left on base; Niagara Falls 1 - Hammond 0
TOP OF THE 5TH
Niagara Falls Expos batting - Pitching for Hammond Herons : RHP Tony Alfonso
Batting: SHB Jason Watts 0-0: Ball
1-0: Ball
2-0: Foul Ball, location: 2F
2-1: Ball
3-1: Called Strike
3-2: SINGLE (Groundball, 34D)
Batting: LHB Bartholomew Bailey 0-0: Bunted foul
0-1: Sac Bunt - play at first, batter OUT! 1-4
Jason Watts to second
Batting: RHB Jaime Moya 0-0: Ball
1-0: Ground out 6-3 (Groundball, 6)
Batting: RHB Bogumil Tiwontschik 0-0: Called Strike
0-1: Foul Ball, location: 2F
0-2: Ball
1-2: Ground out 6-3 (Groundball, 6)
Top of the 5th over - 0 run(s), 1 hit(s), 0 error(s), 1 left on base; Niagara Falls 1 - Hammond 0
BOTTOM OF THE 5TH
Hammond Herons batting - Pitching for Niagara Falls Expos : RHP Dao-zi Zhai
Batting: RHB David Meléndez 0-0: Ball
1-0: Ball
2-0: Ball
3-0: Base on Balls
Batting: LHB Rubén Aracil 0-0: Ground out 5-3 (Groundball, 2L)
David Meléndez to second
Batting: RHB Héctor Rivera 0-0: Ball
1-0: Called Strike
1-1: Ball
2-1: Fly out, F8 (Flyball, 8LS)
Batting: RHB Hirohisa Ogasawara 0-0: Ball
1-0: Ball
2-0: Ball
3-0: Base on Balls
Batting: RHB Landon Edwards 0-0: Ball
1-0: Called Strike
1-1: Ball
2-1: Called Strike
2-2: Ground out 5-3 (Groundball, 56S)
Bottom of the 5th over - 0 run(s), 0 hit(s), 0 error(s), 2 left on base; Niagara Falls 1 - Hammond 0
TOP OF THE 6TH
Niagara Falls Expos batting - Pitching for Hammond Herons : RHP Tony Alfonso
Batting: RHB Ramón Soto 0-0: Called Strike
0-1: Ball
1-1: Ball
2-1: Foul Ball, location: 2F
2-2: Foul Ball, location: 2F
2-2: Ball
3-2: SINGLE (Line Drive, 7LS)
Batting: RHB Gabe Cain 0-0: Called Strike
0-1: Bunted foul
0-2: Strikes out swinging
Batting: RHB Hou Kong 0-0: Ball
1-0: SINGLE (Line Drive, 6MD)
Ramón Soto to second
Batting: LHB Tullu Amaad 0-0: Ball
Ramón Soto steals 3rd base
Hou Kong to second
1-0: Ball
2-0: Called Strike
2-1: Ball
3-1: Foul Ball, location: 2F
3-2: Strikes out swinging
Batting: LHB Duk-yeo Chin 0-0: Called Strike
0-1: Ball
1-1: SINGLE (Groundball, 56D)
Ramón Soto scores
Hou Kong to third
Runner from 3rd tries for Home, SAFE, throw made home
Duk-yeo Chin to second
Batting: SHB Jason Watts 0-0: Ball
1-0: Called Strike
1-1: Ball
2-1: Fly out, F7 (Flyball, 7LM)
Top of the 6th over - 2 run(s), 3 hit(s), 0 error(s), 1 left on base; Niagara Falls 3 - Hammond 0
BOTTOM OF THE 6TH
Hammond Herons batting - Pitching for Niagara Falls Expos : RHP Dao-zi Zhai
Batting: LHB Ramón Flores 0-0: Foul Ball, location: 2F
0-1: Ball
1-1: Foul Ball, location: 2F
1-2: Strikes out looking
Batting: LHB Wilson López 0-0: Ball
1-0: Fly out, F7 (Flyball, 7S)
Batting: RHB Guillermo Montepeque 0-0: Called Strike
0-1: Foul Ball, location: 2F
0-2: Foul Ball, location: 2F
0-2: Foul Ball, location: 2F
0-2: Foul Ball, location: 2F
0-2: Ball
1-2: Strikes out swinging, 2-3 out at first.
Bottom of the 6th over - 0 run(s), 0 hit(s), 0 error(s), 0 left on base; Niagara Falls 3 - Hammond 0
TOP OF THE 7TH
Niagara Falls Expos batting - Pitching for Hammond Herons : RHP Tony Alfonso
Batting: LHB Bartholomew Bailey 0-0: Called Strike
0-1: Ball
1-1: Ground out 1-3 (Groundball, P)
Batting: RHB Jaime Moya 0-0: Called Strike
0-1: Ball
1-1: Ball
2-1: SINGLE (Line Drive, 7S)
Batting: RHB Bogumil Tiwontschik 0-0: Called Strike
0-1: Swinging Strike
0-2: Ball
1-2: Strikes out swinging
Batting: RHB Ramón Soto 0-0: Called Strike
0-1: Ball
Jaime Moya is caught stealing 2nd base
Top of the 7th over - 0 run(s), 1 hit(s), 0 error(s), 0 left on base; Niagara Falls 3 - Hammond 0
BOTTOM OF THE 7TH
Hammond Herons batting - Pitching for Niagara Falls Expos : RHP Dao-zi Zhai
Now at 2B: Fred Hulvey
Now at SS: Cosmo Castanhedo
Batting: SHB Alex Mable 0-0: Ball
1-0: Called Strike
1-1: Called Strike
1-2: Ball
2-2: Ground out U3 (Groundball, 34)
Batting: RHB David Meléndez 0-0: Called Strike
0-1: Ball
1-1: Called Strike
1-2: Strikes out swinging
Batting: LHB Rubén Aracil 0-0: Ground out 1-3 (Groundball, 15)
Bottom of the 7th over - 0 run(s), 0 hit(s), 0 error(s), 0 left on base; Niagara Falls 3 - Hammond 0
TOP OF THE 8TH
Niagara Falls Expos batting - Pitching for Hammond Herons : RHP Tony Alfonso
Batting: RHB Ramón Soto 0-0: Foul Ball, location: 2F
0-1: Foul Ball, location: 2F
0-2: Ball
1-2: Ball
2-2: Ball
3-2: Strikes out looking
Batting: RHB Gabe Cain 0-0: Ball
1-0: Ball
2-0: SINGLE (Groundball, 56D)
Batting: RHB Hou Kong 0-0: Grounds into double play, 5-4-3 (Groundball, 56)
Top of the 8th over - 0 run(s), 1 hit(s), 0 error(s), 0 left on base; Niagara Falls 3 - Hammond 0
BOTTOM OF THE 8TH
Hammond Herons batting - Pitching for Niagara Falls Expos : RHP Dao-zi Zhai
Now at C: Júlio Ibarra
Batting: RHB Héctor Rivera 0-0: Ball
1-0: Ball
2-0: Swinging Strike
2-1: Called Strike
2-2: Foul Ball, location: 2F
2-2: Foul Ball, location: 2F
2-2: SINGLE (Line Drive, 6)
Batting: RHB Hirohisa Ogasawara 0-0: Swinging Strike
0-1: Fly out, F9 (Flyball, 9LM)
Batting: RHB Landon Edwards 0-0: Ball
1-0: Foul Ball, location: 2F
1-1: Foul Ball, location: 2F
1-2: Ball
2-2: Strikes out swinging
Batting: LHB Ramón Flores 0-0: Fly out, F4 (Popup, 4MD)
Bottom of the 8th over - 0 run(s), 1 hit(s), 0 error(s), 1 left on base; Niagara Falls 3 - Hammond 0
TOP OF THE 9TH
Niagara Falls Expos batting - Pitching for Hammond Herons : RHP Tony Alfonso
Batting: LHB Júlio Ibarra 0-0: Foul Ball, location: 2F
0-1: Called Strike
0-2: Strikes out swinging
Batting: LHB Duk-yeo Chin 0-0: Ball
1-0: Ball
2-0: Swinging Strike
2-1: Foul Ball, location: 2F
2-2: Strikes out swinging
Batting: SHB Jason Watts 0-0: Called Strike
0-1: Foul Ball, location: 2F
0-2: Foul Ball, location: 2F
0-2: Ball
1-2: Strikes out looking
Top of the 9th over - 0 run(s), 0 hit(s), 0 error(s), 0 left on base; Niagara Falls 3 - Hammond 0
BOTTOM OF THE 9TH
Hammond Herons batting - Pitching for Niagara Falls Expos : RHP Dao-zi Zhai
Pitching: RHP Benedicto Castellon
Batting: LHB Wilson López 0-0: Ball
1-0: Ground out U3 (Groundball, 34)
Batting: RHB Guillermo Montepeque 0-0: Foul Ball, location: 2F
0-1: Ball
1-1: Foul Ball, location: 2F
1-2: Strikes out swinging
Batting: SHB Alex Mable 0-0: Fly out, F7 (Flyball, 78M)
Bottom of the 9th over - 0 run(s), 0 hit(s), 0 error(s), 0 left on base; Niagara Falls 3 - Hammond 0
Friday, July 21st, 2017 - OOTP Baseball 17.12 Build 75